 Dungeon Crawl Stone Soup version 0.28-a0-622-gbaef9634d7 (webtiles) character file.

Game seed: 4372620318165558762

34 KristoblXynda the Skirmisher (level 3, -2/31 HPs)
             Began as a Draconian Fighter on Oct 7, 2021.
             Slain by a goblin (5 damage)
             ... led by Robin
             ... on level 2 of the Dungeon.
             The game lasted 00:00:55 (984 turns).

KristoblXynda the Skirmisher (Draconian Fighter)     Turns: 984, Time: 00:00:55

Health: -2/31      AC:  5    Str: 18    XL:     3   Next: 14%
Magic:  3/3        EV: 12    Int:  9    God:
Gold:   26         SH:  4    Dex: 10    Spells: 2/2 levels left

rFire   . . .      SeeInvis .   a - +0 long sword
rCold   . . .      Faith    .   b - +0 buckler
rNeg    . . .      Spirit   .   (armour unavailable)
rPois   .          Reflect  .   (helmet restricted)
rElec   .          Harm     .   (no cloak)
rCorr   .          Rampage  .   (no gloves)
Will    .....                   (no boots)
Stlth   +.........              (no amulet)
HPRegen 0.10/turn               (no ring)
MPRegen 0.08/turn               (no ring)

@: no status effects
A: AC +5, unfitting armour, cold-blooded
a: no special abilities


You were on level 2 of the Dungeon.
You visited 1 branch of the dungeon, and saw 2 of its levels.

You collected 26 gold pieces.

Inventory:

Hand Weapons
 a - a +0 long sword (weapon)
Armour
 b - a +0 buckler (worn)
Jewellery
 e - a +6 ring of strength
Scrolls
 h - a scroll of summoning {unknown}
Potions
 c - a potion of might
 d - a potion of resistance {unknown}
 f - a potion of ambrosia {unknown}


   Skills:
 - Level 3.4 Fighting
 * Level 2.8 Long Blades
 + Level 3.0 Dodging
 + Level 3.3 Shields


You had 2 spell levels left.
You didn't know any spells.
Your spell library was empty.

Dungeon Overview and Level Annotations

Branches:
Dungeon (2/15)

Altars:

Annotations:
D:2 Robin


Innate Abilities, Weirdness & Mutations

Your plain brown scales are hard. (AC +5)
You cannot fit into any form of body armour.
You are cold-blooded and may be slowed by cold attacks.


Message History

The hobgoblin is almost dead.
You block the hobgoblin's attack. The goblin hits you but does no damage.
The goblin barely misses you. x2; The goblin hits you but does no damage.
The hobgoblin hits you but does no damage.
The hobgoblin hits you. The goblin barely misses you.
You slash the hobgoblin!
You kill the hobgoblin!
The goblin hits you with a +0 club. The goblin hits you with a +0 dagger.
The goblin hits you but does no damage. The hobgoblin hits you.
* * * LOW HITPOINT WARNING * * *
The goblin completely misses you. The goblin misses you.
Unknown command.
You slash the goblin!
You kill the goblin!
The goblin closely misses you. You block the hobgoblin's attack.
Robin throws the goblin at you! The goblin hits you with a +0 club.
* * * LOW HITPOINT WARNING * * *
The goblin misses you. The hobgoblin closely misses you.
You block the goblin's attack. The hobgoblin closely misses you.
It was a potion of curing.
You feel better. The hobgoblin hits you.
* * * LOW HITPOINT WARNING * * *
The goblin misses you. The goblin barely misses you.
The goblin hits you with a +0 club.
* * * LOW HITPOINT WARNING * * *
The hobgoblin barely misses you. The hobgoblin hits you.
* * * LOW HITPOINT WARNING * * *
You feel better.
The hobgoblin hits you but does no damage.
The goblin hits you with a +0 club.
* * * LOW HITPOINT WARNING * * *
The goblin barely misses you. The hobgoblin completely misses you.
The goblin hits you with a +0 club.
* * * LOW HITPOINT WARNING * * *
The hobgoblin closely misses you.
You feel better.
The hobgoblin hits you but does no damage.
The goblin hits you with a +0 club.
* * * LOW HITPOINT WARNING * * *
The goblin hits you with a +0 club.
You die...

.......# . #.....# #
#### #.....# # ..#
#.....# # #.# #.....# #
#####+##.####.....######
.......................'
......gg################
.....gg@# #
.....gggg...... #
......g######## #######
....... #...... .......
#.##### ....... #.#
.....$. #.# ....... #.#
#.#


You could see Robin, 5 hobgoblins and 3 goblins.

Vanquished Creatures
  2 bats (D:1)
  An endoplasm (D:1)
  8 goblins
  5 hobgoblins
  2 jackals (D:1)
  A quokka (D:1)
  4 ball pythons (D:1)
  A frilled lizard (D:2)
  A kobold (D:1)
  5 rats (D:1)
30 creatures vanquished.

Notes
Turn   | Place    | Note
-------+----------+-------------------------------------------
     0 | D:1      | KristoblXynda the Draconian Fighter began the quest for the
                  | Orb.
     0 | D:1      | Reached XP level 1. HP: 19/19 MP: 1/1
    97 | D:1      | Reached XP level 2. HP: 19/26 MP: 2/2
   751 | D:1      | Reached XP level 3. HP: 31/31 MP: 3/3
   972 | D:2      | Noticed Robin
   984 | D:2      | Slain by a goblin

Illustrated notes

Levels and vault maps discovered:
D:1:      lightli_arrival_maybe_door_vault, layout_rooms
D:2:      layout_basic, uniq_robin, uniq_sigmund

Skill      XL: |  1  2 |
---------------+-------+-----
Dodging        | 3 |  3.0
Fighting       | |  3.4
Long Blades    | |  2.8
Shields        | |  3.3

Action                   || total
-------------------------++-------
Melee: Long sword        ||    83
       Tailslap          ||     6
  Use: Potion            ||     3
Armor: Skin              ||    38
Dodge: Dodged            ||    78
Block: Buckler           ||    26

Table legend: (Time is in decaauts)
 A = Elapsed time spent in this place.
 B = Non-inter-level travel time spent in this place.
 C = Inter-level travel time spent in this place.
 D = Time resting spent in this place.
 E = Time spent auto-exploring this place.
 F = Levels seen in this place.
 G = Mean time per level.
                   A        B        C        D        E       F      G
               +--------+--------+--------+--------+--------+-----+--------+
         Total |   1007 |    996 |     11 |      0 |    812 |   2 |  503.5 |
       Dungeon |   1007 |    996 |     11 |      0 |    812 |   2 |  503.5 |
               +--------+--------+--------+--------+--------+-----+--------+

Top non-repeatable levels by time:
     D:1: 903 daAuts
     D:2: 104 daAuts
